 Dungeon Crawl Stone Soup version 0.29-a0-344-ge2f44be95a (webtiles) character file.

Game seed: 4065193276251106185

32 thiscave3701365 the Chopper (level 3, 33/33 HPs)
             Began as a Minotaur Berserker on Apr 21, 2022.
             Was a Follower of Trog.
             Quit the game on level 1 of the Dungeon.
             The game lasted 00:01:17 (1263 turns).

thiscave3701365 the Chopper (Minotaur Berserker)    Turns: 1263, Time: 00:01:18

Health: 33/33      AC:  2    Str: 23    XL:     3   Next: 10%
Magic:  2/2        EV: 12    Int:  4    God:    Trog [*.....]
Gold:   28         SH:  0    Dex:  9    Spells: 2/2 levels left

rFire   . . .      SeeInvis .   a - +0 hand axe
rCold   . . .      Faith    .   (no shield)
rNeg    . . .      Spirit   .   b - +0 animal skin
rPois   .          Reflect  .   (helmet restricted)
rElec   .          Harm     .   (no cloak)
rCorr   .          Rampage  .   (no gloves)
Will    .....                   (no boots)
Stlth   +.........              (no amulet)
HPRegen 0.11/turn               (no ring)
MPRegen 0.08/turn               (no ring)

@: no status effects
A: horns 2, retaliatory headbutt
a: Renounce Religion, Berserk


You were on level 1 of the Dungeon.
You worshipped Trog.
Trog was aware of your devotion.
You visited 1 branch of the dungeon, and saw 1 of its levels.

You collected 28 gold pieces.

Inventory:

Hand Weapons
 a - a +0 hand axe (weapon)
Missiles
 j - a throwing net
Armour
 b - a +0 animal skin (worn)
Scrolls
 c - a scroll of identify {unknown}
 d - a scroll of noise {unknown}
Potions
 e - a potion of magic {unknown}
 f - a potion of lignification {unknown}
 g - 2 potions of curing {unknown}
 h - a potion of attraction {unknown}
 i - a potion of ambrosia {unknown}
 k - a potion of brilliance {unknown}


   Skills:
 + Level 4.1 Fighting
 + Level 4.1 Axes
 + Level 2.9 Armour
 + Level 2.7 Dodging


You had 2 spell levels left.
You didn't know any spells.
Your spell library was empty.

Dungeon Overview and Level Annotations

Branches:
Dungeon (1/15)

Altars:


Innate Abilities, Weirdness & Mutations

You have a pair of horns on your head.
You reflexively headbutt those who attack you in melee.


Message History

No target in view!
Unknown command.
No target in view!
Done exploring.
Done exploring.
No target in view!
Unknown command.
Done exploring.
No target in view!
Done exploring.
Done exploring.
No target in view!
Done exploring.
No target in view!
Done exploring.
Done exploring.
Done exploring.
Done exploring.
Done exploring.
Done exploring.
Done exploring.
Done exploring.
Done exploring.
Done exploring.
No target in view!
Done exploring.
No target in view!
Done exploring.
Unknown command.
No target in view!
Done exploring.
No target in view!
Done exploring.
Unknown command.
Done exploring.
No target in view!
Done exploring.
Done exploring.
Done exploring.
Are you sure you want to abandon this character and quit the game? (Confirm with "yes".)

...#.# #♣♣..♣.♣♣###.......######'
..##.###.♣♣†..♣.# #.......#≈....#
.......#.#♣♣.♣#.# #......>#≈....#
.###.#.#.#.#.##.###♣.♣♣♣..#≈....#
.###.#.#.#.#.##.#..♣...♣♣'#≈≈≈≈≈#
.+.#.#.#.#......#.#♣♣♣..♣.'######
♣.P♣♣#.#.###.####.#♣PP..♣########
...♣♣#.......####..♣P.♣♣♣.......#
..P.♣###.###..#.@.)♣.P♣♣♣##......
♣♣♣.P###.###..#.###♣♣..♣♣##..8.8.
♣♣♣.♣.........#.# ♣♣♣.♣...8.8.8
##.......####.#.# #.#...#..8_8.
########## #.#.# #.#####.8.8.8
....# #.#.# #.# #...8.8. ###.#
#.#.#####.####....... #.#
#.#)................. #.#
#.........###########


There were no monsters in sight!

Vanquished Creatures
  A dart slug (D:1)
  5 bats (D:1)
  2 endoplasms (D:1)
  A giant cockroach (D:1)
  4 hobgoblins (D:1)
  4 jackals (D:1)
  2 quokkas (D:1)
  3 ball pythons (D:1)
  5 rats (D:1)
27 creatures vanquished.

Notes
Turn   | Place    | Note
-------+----------+-------------------------------------------
     0 | D:1      | thiscave3701365 the Minotaur Berserker began the quest for
                  | the Orb.
     0 | D:1      | Reached XP level 1. HP: 19/19 MP: 0/0
    65 | D:1      | Reached XP level 2. HP: 18/27 MP: 1/1
   323 | D:1      | Found a faded altar of an unknown god.
   986 | D:1      | Reached XP level 3. HP: 33/33 MP: 2/2
  1263 | D:1      | Quit the game

Illustrated notes

Levels and vault maps discovered:
D:1:      dpeg_arrival_rhombi, layout_basic,
          chequers_ecumenical_altar_simple_redux, serial_forest,
          infiniplex_forest_zigzag_2, infiniplex_forest_straight_3,
          infiniplex_forest_clump_diagonal, infiniplex_forest_straight_2,
          infiniplex_forest_lined_room_3, infiniplex_forest_corner_1,
          infiniplex_forest_corner_1, infiniplex_forest_clump_C,
          infiniplex_forest_end_2, infiniplex_forest_lined_room_2,
          amcnicky_mini_corridor_feature, minivault_19,
          chequers_serial_rivers_room_a

Skill      XL: |  1  2 |
---------------+-------+-----
Fighting       | 4 |  4.1
Axes           | 4 |  4.1
Armour         | |  2.9
Dodging        | |  2.7

Action                   || total
-------------------------++-------
Melee: Hand axe          ||    52
       Headbutt          ||     7
 Stab: Sleeping          ||     1
Armor: Animal skin       ||    10
Dodge: Dodged            ||    41

Table legend: (Time is in decaauts)
 A = Elapsed time spent in this place.
 B = Non-inter-level travel time spent in this place.
 C = Inter-level travel time spent in this place.
 D = Time resting spent in this place.
 E = Time spent auto-exploring this place.
 F = Levels seen in this place.
 G = Mean time per level.
                   A        B        C        D        E       F      G
               +--------+--------+--------+--------+--------+-----+--------+
         Total |   1268 |   1268 |      0 |      0 |   1136 |   1 | 1268.0 |
       Dungeon |   1268 |   1268 |      0 |      0 |   1136 |   1 | 1268.0 |
               +--------+--------+--------+--------+--------+-----+--------+

Top non-repeatable levels by time:
     D:1: 1268 daAuts
